 Dungeon Crawl Stone Soup version 0.19.5 (webtiles) character file.

49 Kahvikuppo the Skirmisher (level 3, -7/30 HPs)
             Began as a Demonspawn Berserker on Apr 17, 2017.
             Was a Follower of Trog.
             Mangled by a gnoll
             ... wielding a +0 flail
              (10 damage)
             ... on level 2 of the Dungeon.
             The game lasted 00:06:44 (904 turns).

Kahvikuppo the Skirmisher (Demonspawn Berserker)     Turns: 904, Time: 00:06:44

Health: -7/30      AC:  4    Str: 18    XL:     3   Next: 51%
Magic:  3/3        EV: 12    Int: 13    God:    Trog [*.....]
Gold:   60         SH:  0    Dex: 12    Spells: 0 memorised, 2 levels left

rFire  . . .     SeeInvis .     a - +0 falchion
rCold  . . .     Gourm    .     j - +0 leather armour
rNeg   . . .     Faith    .     (no shield)
rPois  .         Spirit   .     (helmet restricted)
rElec  .         Reflect  .     i - +0 cloak (curse)
rCorr  .         Harm     .     (no gloves)
MR     .....                    (no boots)
Stlth  +.........               (no amulet)
                                (no ring)
                                (no ring)

@: brilliant
A: antennae 1, powered by death 1
a: Berserk, Burn Spellbooks, Renounce Religion


You were on level 2 of the Dungeon.
You worshipped Trog.
Trog was aware of your devotion.
You were not hungry.

You visited 1 branch of the dungeon, and saw 2 of its levels.

You collected 60 gold pieces.

Inventory:

Hand Weapons
 a - a +0 falchion (weapon)
Armour
 b - a +0 animal skin
 i - a cursed +0 cloak (worn)
 j - a +0 leather armour (worn)
Scrolls
 d - 2 scrolls of identify {unknown}
 f - a scroll of fog {unknown}
 g - 2 scrolls of teleportation {unknown}
 h - a scroll of noise {unknown}
 k - a scroll of fear {unknown}
 l - a scroll of enchant weapon {unknown}
Comestibles
 c - 2 bread rations
 m - a beef jerky
 n - a meat ration
 o - a fruit


   Skills:
 + Level 3.7 Fighting
 + Level 3.1 Long Blades
 + Level 2.1 Armour
 + Level 2.2 Dodging


You had 2 spell levels left.
You didn't know any spells.

Dungeon Overview and Level Annotations

Branches:
Dungeon (2/15)

Altars:
Trog


Innate Abilities, Weirdness & Mutations

You have a pair of small antennae on your head.
You regenerate a little health from kills.


Message History

You slash the gnoll!
You kill the gnoll!
Trog accepts your kill. The gnoll completely misses you.
The gnoll closely misses you.
You hit the gnoll.
The gnoll is lightly wounded.
The gnoll barely misses you.
You riposte.
You hit the gnoll but do no damage.
The gnoll is lightly wounded.
You hit the gnoll.
The gnoll is moderately wounded.
You closely miss the gnoll.
The gnoll is moderately wounded.
The gnoll closely misses you. The gnoll hits you but does no damage.
You closely miss the gnoll.
The gnoll is moderately wounded.
The gnoll hits you with a halberd!
* * * LOW HITPOINT WARNING * * *
The gnoll hits you with a flail!
You die...

# #..........##.#...#####
# #..........##.#...^...#
#####...##...##.#..###.##
........†..>.##.#..# #.#
#####...##...##.#..###.#
.# #...##..........##.#
.# #...###.........##.#
.# ###.# #.........##.#
.. #.# #.....@g.....# #.#
#.# #.###.#g###### .. #.#
#.....#g# #######g# #†#
#.# ###.###.####
#...g......#
#..............


You could see 3 gnolls and a goblin.

Vanquished Creatures
  A gnoll (D:2)
  An adder (D:2)
  A worm (D:2)
  A leopard gecko (D:2)
  2 giant cockroaches
  4 goblins
  3 hobgoblins
  2 jackals (D:1)
  4 kobolds
  A ball python (D:1)
  3 bats (D:2)
  3 rats
26 creatures vanquished.

Notes
Turn   | Place    | Note
-------+----------+-------------------------------------------
     0 | D:1      | Kahvikuppo the Demonspawn Berserker began the quest for the Orb.
     0 | D:1      | Reached XP level 1. HP: 18/18 MP: 1/1
   153 | D:1      | Gained mutation: You have a pair of small antennae on your head. [demonic ancestry]
   153 | D:1      | Reached XP level 2. HP: 5/24 MP: 2/2
   545 | D:2      | Gained mutation: You regenerate a little health from kills. [demonic ancestry]
   545 | D:2      | Reached XP level 3. HP: 15/29 MP: 3/3
   670 | D:2      | Found a bloodstained altar of Trog.
   904 | D:2      | Mangled by a gnoll

Skill      XL: |  1  2 |
---------------+-------+-----
Dodging        | 2 |  2.2
Armour         | 2 |  2.1
Long Blades    | 3 |  3.1
Fighting       | |  3.7

Action                   || total
-------------------------++-------
Melee: Falchion          ||    76
  Use: Potion            ||     1
 Stab: Distracted        ||     1
Armor: Animal skin       ||     6
       Leather armour    ||     8
Dodge: Dodged            ||    66
       Rpst.: Falchion   ||    23
